 Dungeon Crawl Stone Soup version 0.28.0-43-g3370ac3207 (webtiles) character file.

Game seed: 9544695905556039648

1030 pkoi the Chopper (level 8, 0/64 (70) HPs)
             Began as a Hill Orc Fighter on Mar 23, 2022.
             Was a Believer of Beogh.
             Killed from afar by a steam dragon (14 damage)
             ... with a ball of steam
             ... on level 6 of the Dungeon.
             The game lasted 00:06:41 (6504 turns).

pkoi the Chopper (Hill Orc Fighter)                 Turns: 6504, Time: 00:06:41

HP:   0/64 (70)     AC:  7    Str: 21    XL:     8   Next: 23%
MP:   12/12         EV:  9    Int: 14    God:    Beogh [**....]
Gold: 169           SH:  6    Dex: 10    Spells: 7/7 levels left

rFire   . . .      SeeInvis .   a - +0 war axe
rCold   . . .      Faith    .   c - +1 buckler
rNeg    . . .      Spirit   .   b - +0 scale mail
rPois   .          Reflect  .   (no helmet)
rElec   .          Harm     .   (no cloak)
rCorr   .          Rampage  .   (no gloves)
Will    .....                   (no boots)
Stlth   ..........              (no amulet)
HPRegen 0.20/turn               j - +6 ring of intelligence
MPRegen 0.13/turn               (no ring)

@: drained
A: no striking features
a: Renounce Religion, Smiting


You were on level 6 of the Dungeon.
You worshipped Beogh.
Beogh was pleased with you.
You visited 1 branch of the dungeon, and saw 7 of its levels.

You collected 169 gold pieces.

Inventory:

Hand Weapons
 a - a +0 war axe (weapon)
 h - a +4 whip
Armour
 b - a +0 scale mail (worn)
 c - a +1 buckler (worn)
Jewellery
 j - a +6 ring of intelligence (left hand)
 r - a ring of protection from fire
Wands
 m - a wand of charming (8)
 o - a wand of paralysis (6)
Scrolls
 g - a scroll of enchant armour
 n - a scroll of identify
Potions
 d - a potion of might
 e - 2 potions of flight
 f - 2 potions of cancellation
 l - a potion of resistance {unknown}
 p - a potion of mutation {unknown}
 q - a potion of lignification {unknown}


   Skills:
 + Level 5.6 Fighting
 * Level 7.3 Axes
 + Level 5.1 Armour
 + Level 5.1 Shields
 * Level 5.6 Invocations


You had 7 spell levels left.
You didn't know any spells.
Your spell library was empty.

Dungeon Overview and Level Annotations

Branches:
Dungeon (7/15)
 Temple: D:4-7

Altars:
Fedhas
Qazlal
Ru
Vehumet
Wu Jian
Zin

Annotations:
D:5 Eustachio


Message History

As you read the scroll of teleportation, it crumbles to dust.
You feel strangely unstable. The wight closely misses you.
You block the orc priest's attack. The hornet barely misses you.
The wight misses you. The hornet stings you!
* * * LOW HITPOINT WARNING * * *
You are lethally poisoned!
You feel yourself slow down.
The kobold hits you with a +0 short sword.
* * * LOW HITPOINT WARNING * * *
The orc wizard mumbles some strange words.
The orc wizard flickers and vanishes!
Deactivating autopickup; reactivate with Ctrl-A.
The orc priest barely misses you.
You climb upwards.
Reactivating autopickup.
You feel yourself speed up.
Your surroundings suddenly seem different.
Found 8 gold pieces.
* * * LOW HITPOINT WARNING * * *
You feel very sick.
Unknown command.
Unknown command.
It was a potion of curing.
You feel better.
You start resting.
You start resting.
A steam dragon comes into view.
A steam dragon is nearby!
The steam dragon hisses angrily.
You closely miss the steam dragon.
The steam dragon bites you but does no damage.
The steam dragon claws you.
* * * LOW HITPOINT WARNING * * *
The steam dragon breathes steam at you. The ball of steam hits you!!
* * * LOW HITPOINT WARNING * * *
You slash the steam dragon!
The steam dragon is moderately wounded.
The steam dragon breathes steam at you. The ball of steam hits you!
You die...

#### #..#
#§§# #.§#
#§@# #§D#
#..# #..#
#.........
#...#.#...
..... ..
##.........
#.#
....#...#.
#.#


You could see a steam dragon (catching breath).

Vanquished Creatures
  Menkaure (D:5)
  2 necrophages (D:4)
  An ogre (D:5)
  A scorpion (D:5)
  A water moccasin zombie (D:5)
  A wight (D:6)
  A howler monkey (D:4)
  A jelly (D:4)
  An orc priest (D:3)
  A bullfrog skeleton (D:4)
  A hound (D:5)
  A hound zombie (D:5)
  A hound skeleton (D:4)
  2 howler monkey zombies
  10 gnolls
  6 adders
  An ufetubus (D:4)
  2 worms
  2 dart slugs
  21 orcs
  8 endoplasms
  8 giant cockroaches
  7 goblins
  13 hobgoblins
  5 jackals
  3 quokkas
  8 ball pythons
  7 bats
  A frilled lizard (D:1)
  6 kobolds
  A rat (D:2)
125 creatures vanquished.

Vanquished Creatures (others)
  An orc (D:2)
1 creature vanquished.

Grand Total: 126 creatures vanquished

Notes
Turn   | Place    | Note
-------+----------+-------------------------------------------
     0 | D:1      | pkoi the Hill Orc Fighter began the quest for the Orb.
     0 | D:1      | Reached XP level 1. HP: 19/19 MP: 1/1
    50 | D:1      | Reached skill level 3 in Axes
    95 | D:1      | Reached XP level 2. HP: 25/27 MP: 2/2
   489 | D:1      | Reached XP level 3. HP: 29/33 MP: 3/3
  1011 | D:2      | Reached skill level 4 in Axes
  1149 | D:2      | Reached XP level 4. HP: 36/40 MP: 4/4
  1332 | D:2      | Became a worshipper of Beogh the Brigand
  1522 | D:2      | Found a faded altar of an unknown god.
  1523 | D:2      | Noticed a floating eye
  1525 | D:2      | Noticed a great orb of eyes
  1525 | D:2      | Noticed an eye of devastation
  1525 | D:2      | Noticed a shining eye
  1720 | D:2      | Reached skill level 1 in Invocations
  1721 | D:2      | Reached XP level 5. HP: 30/47 MP: 4/6
  2298 | D:3      | Found a blossoming altar of Fedhas.
  2433 | D:3      | Found an ornate altar of the Wu Jian Council.
  2459 | D:3      | Found a radiant altar of Vehumet.
  2701 | D:3      | Reached skill level 5 in Axes
  2714 | D:3      | Reached * piety under Beogh
  3027 | D:3      | Found a glowing silver altar of Zin.
  3082 | D:3      | Found a faded altar of an unknown god.
  3344 | D:4      | Reached XP level 6. HP: 49/53 MP: 7/7
  3446 | D:4      | Noticed a necrophage
  3458 | D:4      | Killed a necrophage
  3649 | D:4      | Noticed a necrophage
  3687 | D:3      | HP: 1/55 [orc/+4 whip (5)]
  3693 | D:3      | HP: 1/55 [orc/+4 whip (1)]
  3980 | D:4      | Killed a necrophage
  3981 | D:4      | Reached skill level 5 in Fighting
  3981 | D:4      | Reached skill level 6 in Axes
  3981 | D:4      | Reached XP level 7. HP: 54/61 MP: 9/9
  4912 | D:5      | Entered Level 5 of the Dungeon
  4964 | D:5      | Noticed a two-headed ogre
  5066 | D:5      | Reached ** piety under Beogh
  5756 | D:5      | Reached skill level 5 in Invocations
  5761 | D:5      | Reached skill level 5 in Armour
  5761 | D:5      | Reached skill level 5 in Shields
  5761 | D:5      | Reached XP level 8. HP: 42/69 MP: 11/11
  5903 | D:5      | Noticed Eustachio
  6044 | D:5      | Found a stormy altar of Qazlal.
  6045 | D:5      | Noticed Menkaure
  6047 | D:5      | Noticed an air elemental
  6047 | D:5      | Noticed a water elemental
  6052 | D:5      | Killed Menkaure
  6053 | D:5      | Reached skill level 7 in Axes
  6357 | D:6      | Found a sacrificial altar of Ru.
  6382 | D:7      | Noticed a hornet
  6385 | D:6      | HP: 1/64 [poisoned by a hornet]
  6504 | D:6      | Killed from afar by a steam dragon

Illustrated notes

Levels and vault maps discovered:
D:1:      giann_forest_graveyard, layout_basic, hangedman_decor_clover_reticule
D:2:      layout_rooms, hellmonk_ecumenical_altar_watching_god
D:3:      layout_basic, nicolae_vehumet_radiance, mainiacjoe_overflow_alcove_1,
          nicolae_overflow_ecumenical_swirl, zin_scriptorium, fedhas_altar_3,
          portal_sewer_entry_c
D:4:      layout_basic, minmay_diced_spiral
D:5:      layout_loops_cross, nicolae_qazlal_style_of_elements,
          amcnicky_mini_corridor_feature, uniq_menkaure, uniq_eustachio
D:6:      layout_basic, makhleb_blood_cavern_becter,
          mainiacjoe_overflow_catch_the_wave, minmay_temple_entry_junction
D:7:      minmay_blocky_corners, layout_cave_pools,
          nicolae_ashenzari_panopticon, trog_wizard, minmay_increasing_density

Skill      XL: |  1  2  3  4  5  6  7  8 |
---------------+-------------------------+-----
Axes           | 3 4 5 6 7 |  7.3
Fighting       | 4 5 |  5.6
Invocations    | 1 2 3 5 |  5.6
Shields        | 4 5 |  5.1
Armour         | 4 5 |  5.1

Action                   |  1- 3 |  4- 6 |  7- 9 || total
-------------------------+-------+-------+-------++-------
Melee: War axe           |   115 |   157 |   119 ||   391
       Whip              |       |    24 |       ||    24
Invok: Convert to Beogh  |       |     1 |       ||     1
  Use: Scroll            |     2 |     1 |     3 ||     6
       Potion            |       |     3 |     1 ||     4
Armor: Scale mail        |    61 |    63 |    56 ||   180
Dodge: Dodged            |    81 |    67 |    65 ||   213
Block: Buckler           |    35 |    53 |    30 ||   118
